 Dungeon Crawl Stone Soup version 0.27.1-33-g824d729ab1 (webtiles) character file.

Game seed: 8237572848653650541

806 Destapler the Magician (level 7, -13/56 HPs)
             Began as a Gnoll Wanderer on Dec 26, 2021.
             Was a Priest of Cheibriados.
             Mangled by an ogre (32 damage)
             ... on level 5 of the Dungeon.
             The game lasted 00:17:15 (4554 turns).

Destapler the Magician (Gnoll Wanderer)             Turns: 4554, Time: 00:17:16

Health: -13/56     AC:  4    Str: 23    XL:     7   Next: 91%
Magic:  12/15      EV: 13    Int: 20    God:    Cheibriados [***...]
Gold:   217        SH:  0    Dex: 22    Spells: 16/17 levels left

rFire    . . .     SeeInvis .   p - +8 short sword of Subterfuge {vorpal, Will- Str+4 Int+4}
rCold    . . .     Faith    .   (no shield)
rNeg     . . .     Spirit   .   i - +0 leather armour
rPois    .         Reflect  .   (no helmet)
rElec    .         Harm     .   (no cloak)
rCorr    .         Rampage  .   (no gloves)
Will     .....                  m - +0 pair of boots
Stlth    +++.......             (no amulet)
HPRegen  0.18/turn              (no ring)
MPRegen  0.14/turn              (no ring)

@: very slow
A: fangs 1, strong nose, distributed training
a: Renounce Religion, Bend Time, Temporal Distortion


You were on level 5 of the Dungeon.
You worshipped Cheibriados.
Cheibriados was most pleased with you.
You visited 1 branch of the dungeon, and saw 5 of its levels.

You collected 217 gold pieces.

Inventory:

Hand Weapons
 a - a +0 hand crossbow
 b - a +0 mace
 k - a +0 war axe
 l - a +4 dagger
 p - the +8 short sword of Subterfuge (weapon) {vorpal, Will- Str+4 Int+4}
   (You found it on level 4 of the Dungeon)

   It inflicts extra damage upon your enemies.
   Str:       It affects your strength (+4).
   Int:       It affects your intelligence (+4).
   Will:      It decreases your willpower.
Missiles
 c - 34 bolts
 h - 2 boomerangs
Armour
 d - a +0 robe
 i - a +0 leather armour (worn)
 m - a +0 pair of boots (worn)
Wands
 e - a wand of polymorph (4)
 s - a wand of iceblast (8)
Scrolls
 j - 3 scrolls of identify {unknown}
 n - a scroll of blinking {unknown}
 o - a scroll of amnesia {unknown}
 r - a scroll of teleportation {unknown}
Potions
 f - a potion of ambrosia {unknown}
 g - 6 potions of curing
 q - a potion of heal wounds {unknown}


   Skills:
 + Level 5.4 Fighting
 + Level 2.8 Short Blades
 + Level 2.8 Long Blades
 + Level 2.8 Axes
 + Level 5.4 Maces & Flails
 + Level 2.8 Polearms
 + Level 2.8 Staves
 + Level 2.8 Slings
 + Level 2.8 Bows
 + Level 2.8 Crossbows
 + Level 2.8 Throwing
 + Level 3.8 Armour
 + Level 2.8 Dodging
 + Level 3.7 Stealth
 + Level 3.8 Shields
 + Level 2.8 Unarmed Combat
 + Level 5.8 Spellcasting
 + Level 2.2 Conjurations
 + Level 2.2 Hexes
 + Level 3.1 Summonings
 + Level 2.2 Necromancy
 + Level 2.2 Translocations
 + Level 2.2 Transmutations
 + Level 2.2 Fire Magic
 + Level 2.2 Ice Magic
 + Level 2.2 Air Magic
 + Level 2.2 Earth Magic
 + Level 2.2 Poison Magic
 + Level 3.1 Invocations
 + Level 2.8 Evocations


You had 16 spell levels left.
You knew the following spells:

 Your Spells              Type           Power      Damage    Failure   Level
a - Magic Dart            Conj           56%        1d5       4%          1

Your spell library contained the following spells:

 Spells                   Type           Power      Damage    Failure   Level
 Call Imp                 Summ           18%        N/A       4%          2
 Blink                    Tloc           N/A        N/A       8%          2
 Slow                     Hex            14%        N/A       8%          2
 Static Discharge         Conj/Air       14%        N/A       8%          2
 Confusing Touch          Hex            14%        N/A       14%         3
 Conjure Flame            Conj/Fire      14%        6-21      14%         3
 Dazzling Flash           Conj/Hex       28%        N/A       14%         3
 Mephitic Cloud           Conj/Pois/Air  14%        N/A       14%         3
 Vampiric Draining        Necr           7%         2d7       14%         3
 Fulminant Prism          Conj/Hex       7%         3d7       43%         4
 Iskenderun's Mystic Bla  Conj/Tloc      14%        2d5       43%         4
 Lightning Bolt           Conj/Air       7%         1d19      80%         5
 Metabolic Englaciation   Hex/Ice        7%         N/A       80%         5
 Starburst                Conj/Fire      7%         6d4       100%        6


Dungeon Overview and Level Annotations

Branches:
Dungeon (5/15)
 Temple: D:4-7

Altars:
Cheibriados
Dithmenos
Elyvilon
Fedhas
Kikubaaqudgha
Okawaru
Qazlal
Xom
Zin

Shops:
D:1 [   D:3 [   D:5 (

Annotations:
D:4 3 runed translucent doors, Holzbalken's ghost, amateur DsGl; Kaiern's ghost, amateur GrEE


Innate Abilities, Weirdness & Mutations

You have very sharp teeth.
Your uncanny sense of smell can sniff out nearby items.
Your experience applies equally to all skills.


Message History

An orc comes into view. It is wielding a +0 short sword.
An orc is nearby!
An orc is nearby!
The magic dart hits the orc.
The orc is heavily wounded.
The orc shouts!
The magic dart hits the orc.
The orc is severely wounded.
The magic dart hits the orc.
You kill the orc!
Cheibriados thoroughly appreciates the change of pace.
You can't see any susceptible monsters within range! (Use Z to cast anyway.)
A hound skeleton comes into view.
A hound skeleton is nearby!
A hound skeleton is nearby!
The hound skeleton closely misses you.
The magic dart hits the hound skeleton.
The hound skeleton is moderately damaged.
You puncture the hound skeleton!
The hound skeleton is almost destroyed.
The hound skeleton misses you.
You puncture the hound skeleton!
You destroy the hound skeleton!
Cheibriados appreciates the change of pace.
No target in view!
Found an escape hatch in the ceiling.
An ogre comes into view. It is wielding a +0 giant club.
The ogre shouts!
The ogre hits you with a +0 giant club! The flow of time bends around you.
Cheibriados rebukes the ogre.
The ogre seems to slow down.
The ogre hits you with a +0 giant club!!
* * * LOW HITPOINT WARNING * * *
There is an escape hatch in the ceiling here.
You puncture the ogre!
The ogre is heavily wounded.
The ogre hits you with a +0 giant club!!
Ouch! That really hurt!
You die...

........## .........
##....... #.......#
##......####
##........#.##
.............#
##.......O...#
#........@...#
......##.....#......#
......# #....##....##
......###.......#.##
...............####
................#
#...............#
#............####
##.........###


You could see an ogre (slow).

Vanquished Creatures
  A water moccasin (D:5)
  2 ogres
  A phantom (D:5)
  A scorpion (D:4)
  A water moccasin skeleton (D:4)
  2 hounds
  2 centaur skeletons (D:4)
  An iguana (D:4)
  Ijyb (D:5)
  A hound skeleton (D:5)
  3 gnolls (D:4)
  2 adders
  An ufetubus (D:4)
  3 worms (D:3)
  4 dart slugs
  7 orcs
  9 endoplasms
  4 giant cockroaches
  7 goblins
  10 hobgoblins
  8 kobolds
  5 quokkas
  A ball python (D:2)
  4 bats
  9 frilled lizards
  A quokka skeleton (D:4)
  9 rats
100 creatures vanquished.

Vanquished Creatures (others)
  A withered plant (D:4)
1 creature vanquished.

Grand Total: 101 creatures vanquished

Notes
Turn   | Place    | Note
-------+----------+-------------------------------------------
     0 | D:1      | Destapler the Gnoll Wanderer began the quest for the Orb.
     0 | D:1      | Destapler set off with the following items: a +0 hand
                  | crossbow, 24 bolts, a +0 mace, a +0 robe; and the following
                  | spell memorised: Magic Dart; and the following spells
                  | available to memorise: Call Imp, Blink, Slow, Conjure
                  | Flame, Mephitic Cloud
     0 | D:1      | Reached XP level 1. HP: 20/20 MP: 6/6
    31 | D:1      | Reached XP level 2. HP: 26/26 MP: 7/7
   247 | D:1      | Found a faded altar of an unknown god.
   262 | D:1      | Became a worshipper of Cheibriados the Contemplative
   262 | D:1      | Reached * piety under Cheibriados
   265 | D:1      | Reached XP level 3. HP: 29/31 MP: 9/9
   345 | D:1      | Reached skill level 5 in Spellcasting
   467 | D:1      | Found Meejil's Antique Armour Shoppe.
   631 | D:2      | Reached skill level 1 in Invocations
   796 | D:2      | Reached ** piety under Cheibriados
   961 | D:2      | Reached skill level 1 in Short Blades
   961 | D:2      | Reached skill level 1 in Long Blades
   961 | D:2      | Reached skill level 1 in Axes
   961 | D:2      | Reached skill level 1 in Polearms
   961 | D:2      | Reached skill level 1 in Staves
   961 | D:2      | Reached skill level 1 in Slings
   961 | D:2      | Reached skill level 1 in Bows
   961 | D:2      | Reached skill level 1 in Crossbows
   961 | D:2      | Reached skill level 1 in Throwing
   961 | D:2      | Reached skill level 1 in Dodging
   961 | D:2      | Reached skill level 1 in Unarmed Combat
   961 | D:2      | Reached skill level 1 in Evocations
  1132 | D:2      | Reached XP level 4. HP: 38/38 MP: 8/11
  1756 | D:3      | Noticed an ogre
  1774 | D:3      | Killed an ogre
  1775 | D:3      | Reached skill level 1 in Conjurations
  1775 | D:3      | Reached skill level 1 in Hexes
  1775 | D:3      | Reached skill level 1 in Necromancy
  1775 | D:3      | Reached skill level 1 in Translocations
  1775 | D:3      | Reached skill level 1 in Transmutations
  1775 | D:3      | Reached skill level 1 in Fire Magic
  1775 | D:3      | Reached skill level 1 in Ice Magic
  1775 | D:3      | Reached skill level 1 in Air Magic
  1775 | D:3      | Reached skill level 1 in Earth Magic
  1775 | D:3      | Reached skill level 1 in Poison Magic
  1775 | D:3      | Reached XP level 5. HP: 3/43 MP: 5/12
  2457 | D:3      | Found Tyc Xeon's Antique Armour Shoppe.
  2837 | D:4      | Reached XP level 6. HP: 48/50 MP: 13/13
  2848 | D:4      | Reached skill level 5 in Fighting
  2848 | D:4      | Reached skill level 5 in Maces & Flails
  2855 | D:4      | Reached *** piety under Cheibriados
  3261 | D:4      | Identified the +8 short sword of Subterfuge {vorpal, Will-
                  | Str+4 Int+4}
  3390 | D:4      | Found a stormy altar of Qazlal.
  3391 | D:4      | Found a glowing silver altar of Zin.
  3392 | D:4      | Found a blossoming altar of Fedhas.
  3507 | D:4      | Found a shadowy altar of Dithmenos.
  3508 | D:4      | Found an iron altar of Okawaru.
  3509 | D:4      | Found a shimmering altar of Xom.
  3509 | D:4      | Found a white marble altar of Elyvilon.
  3510 | D:4      | Found an ancient bone altar of Kikubaaqudgha.
  3720 | D:4      | Reached XP level 7. HP: 52/56 MP: 13/15
  3806 | D:4      | Found a runed translucent gate.
  3806 | D:4      | Found a runed translucent gate.
  3806 | D:4      | Found a runed translucent gate.
  3810 | D:4      | Noticed Holzbalken's ghost (amateur DsGl)
  3810 | D:4      | Noticed Kaiern's ghost (amateur GrEE)
  3849 | D:4      | Got Ocrexeh's Papyrus of Frigorific Arcane Weapons
  3882 | D:5      | Entered Level 5 of the Dungeon
  3882 | D:5      | Found Ixoilaur's Antique Weapon Shoppe.
  3977 | D:5      | Noticed Ijyb
  3988 | D:5      | Killed Ijyb
  4554 | D:5      | Mangled by an ogre

Illustrated notes

Levels and vault maps discovered:
D:1:      sevenhm_arrival_forest_fort_small_3, layout_rooms,
          basic_ecumenical_altar, serial_shops, nicolae_shop_behind_doors
D:2:      layout_loops_ring, minmay_split_cup_small
D:3:      layout_basic, serial_shops, nicolae_shop_overgrown_old_shop,
          serial_rivers, chequers_serial_rivers_room_b,
          chequers_serial_rivers_marsh, chequers_serial_rivers_micro_b,
          chequers_serial_rivers_micro_e, chequers_serial_rivers_micro_e,
          chequers_serial_rivers_micro_c
D:4:      layout_basic, grunt_temple_overflow_open, gammafunk_ghost_cemetery,
          minmay_starry_boxes
D:5:      layout_cave_pools, serial_shops, nicolae_stop_n_shop_1, uniq_ijyb

Skill      XL: |  1  2  3  4  5  6  7 |
---------------+----------------------+-----
Summonings     | 2 3 |  3.1
Spellcasting   | 5 |  5.8
Invocations    | 1 2 3 |  3.1
Short Blades   | 1 2 |  2.8
Long Blades    | 1 2 |  2.8
Axes           | 1 2 |  2.8
Polearms       | 1 2 |  2.8
Staves         | 1 2 |  2.8
Slings         | 1 2 |  2.8
Bows           | 1 2 |  2.8
Crossbows      | 1 2 |  2.8
Throwing       | 1 2 |  2.8
Dodging        | 1 2 |  2.8
Unarmed Combat | 1 2 |  2.8
Evocations     | 1 2 |  2.8
Armour         | 3 |  3.8
Shields        | 3 |  3.8
Conjurations   | 1 2 |  2.2
Hexes          | 1 2 |  2.2
Necromancy     | 1 2 |  2.2
Translocations | 1 2 |  2.2
Transmutations | 1 2 |  2.2
Fire Magic     | 1 2 |  2.2
Ice Magic      | 1 2 |  2.2
Air Magic      | 1 2 |  2.2
Earth Magic    | 1 2 |  2.2
Poison Magic   | 1 2 |  2.2
Stealth        | 3 |  3.7
Fighting       | 5 |  5.4
Maces & Flails | 5 |  5.4

Action                   |  1- 3 |  4- 6 |  7- 9 || total
-------------------------+-------+-------+-------++-------
Melee: Mace              |    31 |     2 |       ||    33
       Dagger            |       |    71 |       ||    71
       Bite              |       |    15 |     5 ||    20
       Short sword       |       |    19 |    44 ||    63
       Punch             |       |       |     1 ||     1
 Fire: Hand crossbow     |    57 |       |       ||    57
 Cast: Magic Dart        |    13 |    77 |    27 ||   117
Invok: Bend Time         |       |     2 |     3 ||     5
  Use: Potion            |       |     4 |       ||     4
 Stab: Sleeping          |     1 |     6 |     1 ||     8
Armor: Robe              |    11 |       |       ||    11
       Leather armour    |     9 |    14 |     8 ||    31
Dodge: Dodged            |    24 |    55 |    24 ||   103
